 Dungeon Crawl Stone Soup version 0.24-a0-521-g122614bf49 (webtiles) character file.

Game seed: 9495452169843747918

28 vurker the Chucker (level 2, -2/28 HPs)
             Began as a Troll Hunter on July 28, 2019.
             Slain by a hobgoblin
             ... wielding a +0 club
             ... led by Robin
              (7 damage)
             ... on level 1 of the Dungeon.
             The game lasted 00:01:19 (843 turns).

vurker the Chucker (Troll Hunter)                    Turns: 843, Time: 00:01:20

Health: -2/28      AC:  6    Str: 19    XL:     2   Next: 96%
Magic:  1/1        EV: 10    Int:  7    God:
Gold:   21         SH:  0    Dex: 10    Spells: 1/1 levels left

rFire    . . .     SeeInvis .     - Unarmed
rCold    . . .     Gourm    +   (no shield)
rNeg     + . .     Faith    .   b - +0 robe
rPois    .         Spirit   .   (helmet restricted)
rElec    .         Reflect  .   (no cloak)
rCorr    .         Harm     .   (gloves unavailable)
MR       .....                  (boots unavailable)
Stlth    +.........             (no amulet)
HPRegen  0.49/turn              a - ring of positive energy
MPRegen  0.07/turn              (no ring)

@: no status effects
A: large, unfitting armour, claws 3, fast metabolism 3, gourmand, regeneration
1, shaggy fur 1, tough skin 3
a: no special abilities


You were on level 1 of the Dungeon.
You were full.

You visited 1 branch of the dungeon, and saw 2 of its levels.

You collected 21 gold pieces.

Inventory:

Missiles
 c - 3 large rocks (quivered)
 d - 3 throwing nets
Armour
 b - a +0 robe (worn)
Jewellery
 a - a ring of positive energy (left claw)
   (You found it on level 1 of the Dungeon)
Scrolls
 f - 2 scrolls of identify {unknown}
 g - 3 scrolls of magic mapping {unknown}
 j - a scroll of blinking {unknown}
Potions
 h - a potion of cancellation {unknown}
 i - 2 potions of curing {unknown}
Comestibles
 e - 2 rations


   Skills:
 + Level 2.0 Fighting
 + Level 3.8 Throwing
 - Level 1.5 Dodging
 - Level 0.3 Stealth
 * Level 1.8 Unarmed Combat


You had one spell level left.
You didn't know any spells.
Your spell library was empty.

Dungeon Overview and Level Annotations

Branches:
Dungeon (2/15)

Altars:

Annotations:
D:2 Robin


Innate Abilities, Weirdness & Mutations

You are too large for most types of armour.
You have claws for hands.
Your metabolism is lightning-fast.
You like to eat raw meat.
Your natural rate of healing is unusually fast.
You are covered in fur. (AC +1)
You have extremely tough skin. (AC +3)


Message History

You closely miss the goblin. The goblin hits you but does no damage.
You barely miss the goblin. The goblin hits you but does no damage.
You closely miss the goblin. The goblin hits you but does no damage.
You scratch the goblin.
You kill the goblin!
Your Fighting skill increases to level 2!
You closely miss the goblin. The hobgoblin misses you.
The goblin barely misses you.
Robin roars a battlecry!
The goblins go into a battle-frenzy!
The hobgoblin hits you but does no damage.
You hear a shout!
The hobgoblin barely misses you. The goblin hits you.
Robin roars a battlecry!
You hear a shout!
You climb upwards.
There is a stone staircase leading down here.
You scratch the hobgoblin but do no damage.
The hobgoblin barely misses you. The hobgoblin hits you with a +0 club.
You barely miss the hobgoblin. The hobgoblin closely misses you. x2
You completely miss the hobgoblin.
The hobgoblin hits you but does no damage. x2
You closely miss the hobgoblin. The hobgoblin hits you with a +0 club.
You scratch the hobgoblin. The hobgoblin hits you with a +0 club.
The hobgoblin barely misses you.
You closely miss the hobgoblin. The hobgoblin closely misses you.
You closely miss the hobgoblin. The hobgoblin barely misses you.
The hobgoblin closely misses you.
You barely miss the hobgoblin. The hobgoblin hits you with a +0 club.
The hobgoblin hits you but does no damage.
You closely miss the hobgoblin. The hobgoblin hits you with a +0 club.
The hobgoblin barely misses you.
You completely miss the hobgoblin. The hobgoblin hits you with a +0 club.
* * * LOW HITPOINT WARNING * * *
The hobgoblin hits you but does no damage.
You barely miss the hobgoblin. The hobgoblin hits you with a +0 club.
* * * LOW HITPOINT WARNING * * *
The hobgoblin completely misses you.
Throwing (i - inventory. (/) - cycle)
c - 5 large rocks (quivered)
Aim: a hobgoblin, wielding a +0 club (lightly wounded, unusually strong)
You throw a large rock. The large rock hits the hobgoblin.
The hobgoblin barely misses you. The hobgoblin hits you with a +0 club.
* * * LOW HITPOINT WARNING * * *
The hobgoblin barely misses you.
Throwing (i - inventory. (/) - cycle)
c - 4 large rocks (quivered)
Aim: a hobgoblin, wielding a +0 club (severely wounded, unusually strong)
You throw a large rock.
The large rock closely misses the hobgoblin.
The hobgoblin barely misses you. The hobgoblin hits you with a +0 club!
You die...

########..# ##...
#(........####....
#.####.......'....
#.# ###...####....
#.# #.....# ##...
#.# #.#..## ##..
#.# #.#.## ##.
#g###.#)# ##
#@gg....# #
#####.### # #.# ##
#.######## ##.
#........# #..
#..#####.# ##.
#.....##.#####
##.##..)......
#.#####.#####


You could see 2 hobgoblins and a goblin.

Vanquished Creatures
  A leopard gecko (D:1)
  A ball python (D:1)
  6 bats (D:1)
  2 giant cockroaches (D:1)
  6 goblins
  3 hobgoblins (D:1)
  A frilled lizard (D:1)
  A kobold (D:1)
  2 rats (D:1)
23 creatures vanquished.

Notes
Turn   | Place    | Note
-------+----------+-------------------------------------------
     0 | D:1      | vurker the Troll Hunter began the quest for the Orb.
     0 | D:1      | Reached XP level 1. HP: 19/19 MP: 0/0
   158 | D:1      | Reached skill level 1 in Unarmed Combat
   159 | D:1      | Reached XP level 2. HP: 28/28 MP: 1/1
   817 | D:2      | Noticed Robin
   843 | D:1      | Slain by a hobgoblin

Levels and vault maps discovered:
D:1:      dpeg_arrival_orchard, layout_loops_corners
D:2:      layout_basic, first_ration, uniq_robin, uniq_sigmund

Skill      XL: |  1  2 |
---------------+-------+-----
Unarmed Combat | 1 |  1.8
Fighting       | 2 |  2.0
Throwing       | |  3.8
Dodging        | |  1.5
Stealth        | |  0.3

Action                   || total
-------------------------++-------
Melee: Unarmed           ||    71
       Short sword       ||     4
Throw: Large rock        ||     2
 Stab: Sleeping          ||     1
  Eat: Chunk             ||    10
Armor: Robe              ||    42
Dodge: Dodged            ||    69

Table legend:
 A = Non-vault XP
 B = Vault XP
 C = Vault XP percentage of total XP
 D = Non-vault monster count
 E = Vault monster count
 F = Vault count percentage of total count
                 A         B        C        D         E       F
            +---------+---------+-------+---------+---------+-------
      Total |      38 |       2 |   5.0 |      22 |       1 |   4.3
            +---------+---------+-------+---------+---------+-------
        D:1 |      38 |       0 |   0.0 |      22 |       0 |   0.0
        D:2 |       0 |       2 | 100.0 |       0 |       1 | 100.0
            +---------+---------+-------+---------+---------+-------
